 Dungeon Crawl Stone Soup version 0.26.1-11-gd32895ea62 (webtiles) character file.

Game seed: 7198648021812848128

2151 dtburroughs the Skirmisher (level 9, -2/80 HPs)
             Began as a Minotaur Berserker on July 10, 2021.
             Was a Priest of Trog.
             Slain by a death yak (14 damage)
             ... on level 10 of the Dungeon.
             The game lasted 00:16:25 (7917 turns).

dtburroughs the Skirmisher (Minotaur Berserker)     Turns: 7917, Time: 00:16:26

Health: -2/80      AC: 13    Str: 21    XL:     9   Next: 10%
Magic:  8/8        EV:  7    Int:  7    God:    Trog [***...]
Gold:   315        SH:  9    Dex: 11    Spells: 8/8 levels left

rFire    + . .     SeeInvis .   E - +0 war axe
rCold    . . .     Faith    +   z - +0 kite shield
rNeg     . . .     Spirit   .   i - +0 plate armour
rPois    .         Reflect  .   (helmet restricted)
rElec    .         Harm     .   (no cloak)
rCorr    .         Rampage  .   (no gloves)
Will     ++...                  (no boots)
Stlth    ..........             l - amulet of faith
HPRegen  1.23/turn              y - ring of protection from fire
MPRegen  0.11/turn              f - ring of stealth

@: mighty, regenerating, hasted, very quick
A: retaliatory headbutt, horns 2
a: Renounce Religion, Berserk, Trog's Hand


You were on level 10 of the Dungeon.
You worshipped Trog.
Trog was most pleased with you.
You visited 1 branch of the dungeon, and saw 8 of its levels.
You also visited: Sewer and Ossuary.

You collected 315 gold pieces.

Inventory:

Hand Weapons
 a - a +0 hand axe
 t - a +0 flail
 E - a +0 war axe (weapon)
Armour
 b - a +0 animal skin
 i - a +0 plate armour (worn)
 z - a +0 kite shield (worn)
Jewellery
 f - a ring of stealth (right hand)
 l - an amulet of faith (around neck)
 y - a ring of protection from fire (left hand)
 D - an uncursed ring of magical power
Scrolls
 c - a scroll of identify
 d - a scroll of amnesia {unknown}
 e - 4 scrolls of immolation
 g - 8 scrolls of teleportation
 m - a scroll of blinking {unknown}
 n - 7 scrolls of remove curse
 q - 2 scrolls of noise {unknown}
 A - 2 scrolls of fear
 B - 3 scrolls of enchant weapon {unknown}
Potions
 h - 5 potions of attraction
 j - a potion of lignification {unknown}
 k - 3 potions of might
 o - a potion of mutation {unknown}
 p - 2 potions of ambrosia
 r - 2 potions of haste
 s - a potion of invisibility {unknown}
 u - a potion of resistance {unknown}
 v - a potion of degeneration {unknown}
 w - 6 potions of magic
 x - a potion of heal wounds {unknown}
 C - a potion of cancellation {unknown}
 F - 2 potions of brilliance {unknown}


   Skills:
 + Level 7.7 Fighting
 + Level 7.7 Axes
 + Level 7.3 Armour
 + Level 6.6 Dodging
 + Level 4.0 Shields


You had 8 spell levels left.
You didn't know any spells.
Your spell library was empty.

Dungeon Overview and Level Annotations

Branches:
Dungeon (7/15)             Temple (0/1) D:5            Lair (0/6) D:10
  Sewer (visited)         Ossuary (visited)

Altars:
Ashenzari
Cheibriados
Elyvilon
Fedhas
Hepliaklqana
Okawaru
Ru
Uskayaw
Yredelemnul
The Shining One

Shops:
D:6 }

Annotations:
D:6 3 runed translucent doors, PaiMei's ghost, novice DsNe


Innate Abilities, Weirdness & Mutations

You reflexively headbutt those who attack you in melee.
You have a pair of horns on your head.


Message History

You barely miss the death yak.
The death yak is heavily wounded.
The death yak gores you!!
Your shield and plate armour prevent you from hitting the death yak.
You headbutt the death yak.
The death yak is heavily wounded.
The death yak gores you! You block the death yak's attack.
Your skin crawls.
You feel strong-willed.
You can no longer call in reinforcements.
The death yak gores you!
* * * LOW HITPOINT WARNING * * *
You hit the death yak. You headbutt the death yak!
The death yak is severely wounded.
The death yak gores you!
* * * LOW HITPOINT WARNING * * *
Okay, then.
Okay, then.
It was a potion of haste.
You feel yourself speed up. The death yak gores you!
You die...

#..####.### #.#
#..........##.####
#.......##....Z...
####..###..#####.####
......#⌠#.Y#####.#
#Zo###B.......#
#YB....########
#Y###### #@#
#.......# #....##.#
#..... #.....#
#.....# #....##
#.....


You could see 2 death yaks, a worker ant, an orc and an adder zombie.

Vanquished Creatures
  An orc warrior (D:7)
  3 ice beasts
  Purgy (Sewer)
  2 ogres (D:5)
  A phantom (D:4)
  A centaur (D:5)
  2 bullfrogs
  7 scorpions (Ossuary)
  A water moccasin skeleton (D:3)
  4 wights (D:6)
  3 centaur zombies (Ossuary)
  2 hounds
  3 orc wizards
  A bullfrog skeleton (D:6)
  2 worker ants
  A big kobold zombie (Ossuary)
  3 mummies (Ossuary)
  7 gnolls
  11 adders
  5 scorpion zombies (Ossuary)
  2 white imps
  2 ufetubi
  An ooze (D:6)
  An adder zombie (D:7)
  2 worms
  2 dart slugs
  3 leopard geckos
  11 orcs
  5 bats
  5 giant cockroaches
  2 gnoll zombies (Ossuary)
  8 goblins
  3 hobgoblins
  5 jackals
  3 kobolds
  2 quokkas
  3 ball pythons (Sewer)
  11 frilled lizards
  A goblin zombie (Ossuary)
  A hobgoblin zombie (Ossuary)
  A jackal skeleton (D:6)
  A jackal zombie (D:5)
  2 kobold zombies (Ossuary)
  A leopard gecko skeleton (D:4)
  8 rats
147 creatures vanquished.

Vanquished Creatures (others)
  A scorpion (Ossuary)
  A withered plant (D:3)
2 creatures vanquished.

Grand Total: 149 creatures vanquished

Notes
Turn   | Place    | Note
-------+----------+-------------------------------------------
     0 | D:1      | dtburroughs the Minotaur Berserker began the quest for the
                  | Orb.
     0 | D:1      | Reached XP level 1. HP: 19/19 MP: 0/0
   245 | D:1      | Reached XP level 2. HP: 26/27 MP: 1/1
   357 | D:1      | You fall into a shaft and drop 1 floor!
   395 | D:2      | Found a white marble altar of Elyvilon.
   524 | D:1      | You fall into a shaft and drop 1 floor!
  1033 | D:2      | Reached XP level 3. HP: 29/33 MP: 2/2
  1137 | D:2      | Found a sacrificial altar of Ru.
  1810 | D:3      | Reached XP level 4. HP: 32/40 MP: 3/3
  1898 | D:3      | Reached ** piety under Trog
  2141 | D:3      | Reached XP level 5. HP: 43/47 MP: 4/4
  2359 | D:3      | Found a basalt altar of Yredelemnul.
  2689 | D:3      | Reached skill level 5 in Fighting
  2689 | D:3      | Reached skill level 5 in Axes
  2697 | D:3      | Reached XP level 6. HP: 51/56 MP: 5/5
  3112 | D:4      | Found a sand-covered staircase.
  3127 | Ossuary  | Entered an ossuary
  3654 | Ossuary  | Reached skill level 5 in Armour
  3795 | Ossuary  | Reached XP level 7. HP: 58/61 MP: 6/6
  3825 | Ossuary  | Reached *** piety under Trog
  3876 | Ossuary  | HP: 3/62 [poison (a dart trap)]
  3884 | Ossuary  | HP: 3/62 [poison (a dart trap)]
  4242 | Ossuary  | Reached skill level 5 in Dodging
  4987 | D:4      | Found a hazy altar of Hepliaklqana.
  4988 | D:4      | Found a broken altar of Ashenzari.
  5121 | D:4      | Found an iron altar of Okawaru.
  5173 | D:4      | Found a hide-covered altar of Uskayaw.
  5244 | D:4      | Found a snail-covered altar of Cheibriados.
  5278 | D:4      | Found a glowing golden altar of the Shining One.
  5424 | D:5      | Entered Level 5 of the Dungeon
  5532 | D:5      | Reached skill level 1 in Shields
  5639 | D:5      | Reached XP level 8. HP: 42/71 MP: 7/7
  5855 | D:5      | Found a staircase to the Ecumenical Temple.
  6137 | D:5      | Found an iron altar of Okawaru.
  6475 | D:6      | Found a runed translucent gate.
  6475 | D:6      | Found a runed translucent gate.
  6479 | D:6      | Found a runed translucent gate.
  6479 | D:6      | Noticed PaiMei's ghost (novice DsNe)
  6516 | D:6      | Found Biesmo's Gadget Shop.
  6591 | D:6      | Found a glowing drain.
  6600 | Sewer    | Entered a sewer
  6690 | Sewer    | Noticed Purgy
  6697 | Sewer    | Killed Purgy
  6968 | D:6      | Found a blossoming altar of Fedhas.
  7291 | D:6      | Reached **** piety under Trog
  7504 | D:7      | Reached XP level 9. HP: 79/79 MP: 8/8
  7853 | D:7      | You fall into a shaft and drop 3 floors!
  7853 | D:10     | Entered Level 10 of the Dungeon
  7853 | D:10     | Found a staircase to the Lair.
  7853 | D:10     | Noticed a death yak
  7853 | D:10     | Noticed a death yak
  7853 | D:10     | Noticed a death yak
  7917 | D:10     | Slain by a death yak

Illustrated notes

Levels and vault maps discovered:
D:1:      saegor_arrival_simple_b, layout_basic, roderic_lattice_a,
          skrybe_limestone_x
D:2:      layout_basic, nicolae_ru_path_of_blood, elyvilon_altar_5
D:3:      layout_loops_ring, yredelemnul_altar_generic, serial_co_window_serial,
          co_window_paths_b, co_window_paths_a, co_window_corner_a,
          co_window_of_opportunity_a, co_window_paths_a,
          co_window_of_opportunity_c, co_window_broadway_b, co_window_corner_ca,
          glass_columns_a, glass_columns_b, glass_columns_c, glass_columns_b
D:4:      layout_basic, kennysheep_slug_shrine, marbit_many_paths,
          nicolae_overflow_crystal_walls, gammafunk_temple_overflow_pools,
          nicolae_ossuary_entry_false_entrances, nicolae_tso_swordbearing_angel
D:5:      cheibrodos_quashed, layout_basic, minmay_temple_entry_large_hall,
          minmay_ruined_shrine
D:6:      layout_cave_pools, portal_sewer_entry_d, serial_shops, shop,
          gammafunk_ghost_split, minmay_crystal_water, fedhas_altar_1
D:7:      minmay_angry_zag, layout_rooms
D:10:     lemuel_insect_pit, layout_loops_cross, dpeg_lair_monsters,
          serial_glass, glass_columns_b, glass_columns_a, feat_on_display

Skill      XL: |  1  2  3  4  5  6  7  8  9 |
---------------+----------------------------+-----
Axes           | 4 5 6 7 |  7.7
Fighting       | 4 5 6 7 |  7.7
Armour         | 3 4 5 6 7 |  7.3
Dodging        | 3 4 5 6 |  6.6
Shields        | 1 3 4 |  4.0

Action                   |  1- 3 |  4- 6 |  7- 9 || total
-------------------------+-------+-------+-------++-------
Melee: Hand axe          |    93 |   158 |   194 ||   445
       Headbutt          |    15 |    27 |    62 ||   104
       War axe           |       |       |    83 ||    83
Invok: Berserk           |     1 |       |       ||     1
       Trog's Hand       |       |       |     4 ||     4
       Brothers in Arms  |       |       |     1 ||     1
  Use: Scroll            |       |       |     9 ||     9
       Potion            |       |       |     2 ||     2
Armor: Chain mail        |    10 |       |       ||    10
       Plate armour      |    53 |    93 |   127 ||   273
Dodge: Dodged            |    34 |    55 |    69 ||   158
Block: Kite shield       |       |       |    90 ||    90
